 Dungeon Sprint DCSS version 0.31.0-12-g77e489cdc1 (webtiles) character file.

Game seed: 6016358209628682936

23762 Heoruswealwe the Minotaur Porcupine (level 12, 0/133 HPs)
             Began as a Minotaur Fighter on Feb 15, 2024.
             Was an Initiate of Gozag.
             Slain by a spriggan berserker
             ... wielding a +0 broad axe
              (18 damage)
             ... in the Dungeon (Sprint IX: "|||||||||||||||||||||||||||||").
             The game lasted 00:27:49 (3149 turns).

Heoruswealwe the Minotaur Porcupine (MiFi)          Turns: 3149, Time: 00:27:50

Health: 0/133      AC: 31    Str: 31    XL:     12   Next: 74%
Magic:  0/11       EV:  9    Int:  5    God:    Gozag
Gold:   1586       SH:  0    Dex: 10    Spells: 11/11 levels left

rFire   + . .        b - +3 glaive "Xism" {drain, Int+5}
rCold   + . .        (shield currently unavailable)
rNeg    + . .        c - +0 plate armour
rPois   +            g - +2 hat of the Bear Spirit {Spirit, Bear, *Rage Will++}
rElec   .            h - +2 cloak of the Wumpus {Harm rF+ rN+ Str+2 Int-5}
rCorr   .            f - +2 pair of gloves {Str+3}
SInv    .            e - +1 pair of boots {Fly}
Will    ++...        (no amulet) Stlth
                     k - ring of protection from cold
HPRegen 0.00/turn    j - ring of poison resistance
MPRegen 0.12/turn

%: no teleportation, random rage (20%), harm (+30% outgoing, +20% incoming),
guardian spirit
@: gold aura, flying, inhibited regen
A: horns 2, retaliatory headbutt, screaming 1, inhibited regeneration, inability
to read after injury 1
a: Renounce Religion, Potion Petition, Call Merchant, Bribe Branch


You were in the Dungeon.
You worshipped Gozag.
Gozag was most pleased with you.
You visited 1 branch You collected 7642 gold pieces.
You spent 3205 gold pieces at shops.
You paid 2851 gold pieces to Gozag.

Inventory:

Hand Weapons
 a - a +0 trident
 b - the +3 glaive "Xism" (weapon) {drain, Int+5}
   (You bought it in a shop in the Dungeon)

   Int+5:     It affects your intelligence (+5).
 A - the +8 pair of quick blades "Gyre" and "Gimble" {protect}
   (You bought it in a shop in the Dungeon)
Armour
 c - a +0 plate armour (worn)
 d - a +0 buckler
 e - a +1 pair of boots of flying (worn)
 f - a +2 pair of gloves of strength (worn)
 g - the +2 hat of the Bear Spirit (worn) {Spirit, Bear, *Rage Will++}
   (You bought it in a shop in the Dungeon)

   Bear:      Going berserk makes the wearer exceptionally tough, and they are
   slowed for a shorter time afterward.
   Will++:    It greatly increases your willpower.
   *Rage:     It berserks you when you make melee attacks (+20% chance).
 h - the +2 cloak of the Wumpus (worn) {Harm rF+ rN+ Str+2 Int-5}
   (You bought it in a shop in the Dungeon)

   Str+2:     It affects your strength (+2).
   Int-5:     It affects your intelligence (-5).
   rF+:       It protects you from fire.
   rN+:       It protects you from negative energy.
   Harm:      It increases damage dealt and taken.
Jewellery
 j - a ring of poison resistance (right hand)
 k - a ring of protection from cold (left hand)
Wands
 q - a wand of flame (11)
 r - a wand of acid (15)
 s - a wand of polymorph (6)
Scrolls
 n - 9 scrolls of blinking
 o - 3 scrolls of enchant armour
 p - 2 scrolls of enchant weapon
 u - a scroll of identify
 B - a scroll of silence {unknown}
Potions
 i - a potion of berserk rage
 l - 7 potions of curing
 t - a potion of resistance
 v - 2 potions of haste
 w - a potion of cancellation {unknown}
 y - 2 potions of might


   Skills:
 + Level 20.2 Fighting
 O Level 27 Polearms
 + Level 20.2 Armour
 - Level 3.6 Shields


You had 11 spell levels left.
You didn't know any spells.
Your spell library contained the following spells:

 Spells                   Type           Power      Damage    Failure   Level
 Apportation              Tloc           0%         N/A       90%         1
 Necrotise                Necr           0%         1d4       90%         1
 Sting                    Conj/Alch      0%         1d3       90%         1
 Summon Small Mammal      Summ           0%         N/A       90%         1


Dungeon Overview and Level Annotations

Branches:
Dungeon (1/1)

Altars:
Cheibriados
Dithmenos
Elyvilon
Fedhas
Gozag
Hepliaklqana
Kikubaaqudgha
Makhleb
Nemelex Xobeh
Okawaru
Qazlal
Ru
Sif Muna
Trog
Uskayaw
Vehumet
Wu Jian
Xom
Yredelemnul
Zin
The Shining One
Jiyva
Lugonu

Shops:
D :([=((*


Innate Abilities, Weirdness & Mutations

You have a pair of horns on your head.
You reflexively headbutt those who attack you in melee.
You occasionally shout uncontrollably at your foes.
You do not regenerate when monsters are visible.
You occasionally lose the ability to read scrolls when taking damage.


Message History

The spriggan berserker shouts!
The deep troll earth mage gestures next to you while chanting.
The wall shatters!
The blast of rock fragments hits you but does no damage.
The spriggan berserker is no longer distracted by gold.
Reach: b) +3 glaive "Xism" {drain, Int+5}
Press: ? - help, Dir - move target, f - deep troll earth mage
Aim: a deep troll earth mage (about 25% to evade the +3 glaive "Xism")
You reach to attack!
You slash the deep troll earth mage! You drain the deep troll earth mage.
The deep troll earth mage is moderately wounded.
You chop the deep troll earth mage into pieces!!!
You kill the deep troll earth mage!
You have mastered Polearms!
The spriggan berserker mumbles some strange prayers to Trog.
The spriggan berserker goes berserk!
Reach: b) +3 glaive "Xism" {drain, Int+5}
Press: ? - help, Dir - move target, f - spriggan berserker
Aim: a spriggan berserker, wielding a +0 broad axe and wearing a +0 animal skin (berserk, about 43% to evade the +3 glaive "Xism")
You reach to attack!
You slash the spriggan berserker!
The spriggan berserker is lightly wounded.
You recover from your berserk rage.
You completely miss the spriggan berserker.
Your headbutt misses the spriggan berserker.
The spriggan berserker is lightly wounded.
The spriggan berserker hits you with a +0 broad axe!!
* * * LOW HITPOINT WARNING * * *
You feel much better.
The spriggan berserker hits you with a +0 broad axe!
* * * LOW HITPOINT WARNING * * *
The spriggan berserker hits you with a +0 broad axe!
* * * LOW HITPOINT WARNING * * *
You feel better.
The spriggan berserker barely misses you.
You furiously retaliate!
You headbutt the spriggan berserker! You miss the spriggan berserker.
The spriggan berserker is moderately wounded.
The spriggan berserker hits you with a +0 broad axe!
You die...
Your body crumbles into a pile of gold.

▓.▓.▓.▓.▓.▓.▓_▓
▓.▓.▓.▓.▓.▓.▓_▓
▓.▓.▓.▓.▓.▓.▓_▓
▓.▓.▓.▓.▓.▓.▓_▓
▓.▓.▓.▓.▓.▓.▓_▓
▓.▓.▓[▓.▓.▓.▓_▓
▓.▓.▓?▓.▓'▓.▓'▓
▓'▓.▓.▓.▓.▓.▓!▓
▓@▓.▓.▓.▓.▓.▓?▓
▓i▓.▓.▓.▓.▓.▓)▓
▓$▓.▓.▓.▓.▓.▓[▓
▓.▓.▓∩▓.▓.▓.▓=▓
▓.▓.▓.▓.▓.▓.▓=▓
▓.▓.▓∩▓.▓.▓.▓.▓
▓.▓.▓.▓.▓.▓.▓.▓
▓.▓.▓∩▓.▓.▓.▓.▓
▓.▓.▓.▓(▓.▓)▓


You could see a spriggan berserker (berserk).

Vanquished Creatures
  A frost giant (D)
  2 stone giants (D)
  A very ugly thing (D)
  Josephine (D)
  Harold (D)
  A rakshasa (D)
  Erica (D)
  An ogre mage (D)
  A two-headed ogre (D)
  2 centaur warriors (D)
  A boulder beetle (D)
  A deep troll earth mage (D)
  9 orc high priests (D)
  3 orc knights (D)
  2 ugly things (D)
  A cyclops (D)
  A manticore (D)
  Joseph (D)
  5 cane toads (D)
  2 komodo dragons (D)
  A rime drake (D)
  A yaktaur (D)
  A troll (D)
  A blink frog (D)
  4 wraiths (D)
  3 yaks (D)
  3 wargs (D)
  3 vampire mosquitoes (D)
  4 hell hounds (D)
  3 water moccasins (D)
  10 orc warriors (D)
  A wolf (D)
  A phantom (D)
  3 bullfrogs (D)
  A scorpion (D)
  2 howler monkeys (D)
  2 gnoll boudas (D)
  6 orc priests (D)
  A sleepcap (D)
  An iguana (D)
  6 orc wizards (D)
  An adder (D)
  An ufetubus (D)
  4 orcs (D)
  A hobgoblin (D)
  2 kobolds (D)
  A bat (D)
  A bat simulacrum (D)
  A rat (D)
108 creatures vanquished.

Notes
Turn   | Place    | Note
-------+----------+-------------------------------------------
     0 | D        | Heoruswealwe the Minotaur Fighter began the quest for the
                  | Orb.
     0 | D        | Reached XP level 1. HP: 19/19 MP: 0/0
     8 | D        | Reached skill level 3 in Polearms
    19 | D        | Noticed an iguana
    19 | D        | Noticed a phantom
    19 | D        | Noticed a sleepcap
    31 | D        | Killed an iguana
    32 | D        | Reached skill level 5 in Fighting
    32 | D        | Reached skill level 5 in Polearms
    32 | D        | Reached skill level 5 in Armour
    32 | D        | Reached XP level 2. HP: 21/29 MP: 1/1
    32 | D        | Reached XP level 3. HP: 26/36 MP: 2/2
    42 | D        | Killed a phantom
    43 | D        | Reached skill level 8 in Polearms
    43 | D        | Reached XP level 4. HP: 24/45 MP: 3/3
    55 | D        | Reached XP level 5. HP: 26/52 MP: 4/4
    57 | D        | Reached skill level 9 in Polearms
    63 | D        | Found a snail-covered altar of Cheibriados.
    63 | D        | Found a shadowy altar of Dithmenos.
    63 | D        | Found a white marble altar of Elyvilon.
    63 | D        | Found a blossoming altar of Fedhas.
    63 | D        | Found an opulent altar of Gozag.
    64 | D        | Found a hazy altar of Hepliaklqana.
    65 | D        | Found a viscous altar of Jiyva.
    66 | D        | Found an ancient bone altar of Kikubaaqudgha.
    67 | D        | Found a corrupted altar of Lugonu.
    68 | D        | Found a burning altar of Makhleb.
    69 | D        | Found a sparkling altar of Nemelex Xobeh.
    70 | D        | Found an iron altar of Okawaru.
    71 | D        | Became a worshipper of Gozag Ym Sagoz the Greedy
    72 | D        | Found a stormy altar of Qazlal.
    73 | D        | Found a sacrificial altar of Ru.
    74 | D        | Found a shimmering blue altar of Sif Muna.
    75 | D        | Found a bloodstained altar of Trog.
    76 | D        | Found a hide-covered altar of Uskayaw.
    77 | D        | Found a radiant altar of Vehumet.
    78 | D        | Found an ornate altar of the Wu Jian Council.
    79 | D        | Found a shimmering altar of Xom.
    80 | D        | Found a basalt altar of Yredelemnul.
    81 | D        | Found a glowing silver altar of Zin.
    82 | D        | Found a glowing golden altar of the Shining One.
   153 | D        | Noticed a yak
   153 | D        | Noticed a vampire mosquito
   153 | D        | Noticed a two-headed ogre
   153 | D        | Noticed a troll
   162 | D        | Killed a yak
   163 | D        | Reached skill level 11 in Polearms
   163 | D        | Reached XP level 6. HP: 62/62 MP: 5/5
   173 | D        | Killed a two-headed ogre
   174 | D        | Reached skill level 10 in Fighting
   174 | D        | Reached skill level 14 in Polearms
   174 | D        | Reached XP level 7. HP: 39/73 MP: 6/6
   179 | D        | Killed a troll
   180 | D        | Reached skill level 15 in Polearms
   180 | D        | Reached XP level 8. HP: 35/82 MP: 7/7
   321 | D        | Noticed a centaur warrior
   321 | D        | Noticed a boulder beetle
   321 | D        | Noticed a centaur warrior
   326 | D        | Killed a centaur warrior
   327 | D        | Reached skill level 16 in Polearms
   334 | D        | Killed a centaur warrior
   335 | D        | Reached skill level 17 in Polearms
   335 | D        | Reached XP level 9. HP: 46/93 MP: 8/8
   511 | D        | Killed a boulder beetle
   512 | D        | Reached skill level 18 in Polearms
   661 | D        | Noticed a komodo dragon
   666 | D        | Noticed a cane toad
   671 | D        | Reached skill level 19 in Polearms
   681 | D        | Killed a komodo dragon
   682 | D        | Reached XP level 10. HP: 85/104 MP: 9/9
   689 | D        | Killed a cane toad
   734 | D        | Noticed a cane toad
   734 | D        | Noticed a cane toad
   734 | D        | Noticed a cane toad
   734 | D        | Noticed a cane toad
   737 | D        | Killed a cane toad
   738 | D        | Reached skill level 20 in Polearms
   746 | D        | Reached skill level 15 in Fighting
   746 | D        | Reached skill level 15 in Armour
   748 | D        | Killed a cane toad
   753 | D        | Killed a cane toad
   754 | D        | Killed a cane toad
   766 | D        | Reached skill level 21 in Polearms
  1093 | D        | Noticed Harold
  1105 | D        | Killed Harold
  1106 | D        | Reached XP level 11. HP: 110/115 MP: 10/10
  1120 | D        | Noticed Erica
  1139 | D        | Killed Erica
  1140 | D        | Reached skill level 22 in Polearms
  1532 | D        | Noticed an orc knight
  1544 | D        | Noticed an orc knight
  1555 | D        | Killed an orc knight
  1557 | D        | Noticed an orc knight
  1583 | D        | Killed an orc knight
  1592 | D        | Killed an orc knight
  1593 | D        | Reached skill level 23 in Polearms
  1883 | D        | Found Borisymm's Book Emporium.
  1883 | D        | Noticed an orc high priest
  1883 | D        | Noticed an orc high priest
  1883 | D        | Noticed an orc high priest
  1884 | D        | Noticed an orc high priest
  1886 | D        | Killed an orc high priest
  1891 | D        | Noticed an orc high priest
  1902 | D        | Noticed a soul eater
  1908 | D        | Killed an orc high priest
  1920 | D        | Killed an orc high priest
  1924 | D        | Killed an orc high priest
  1925 | D        | Reached skill level 24 in Polearms
  1951 | D        | Killed an orc high priest
  2203 | D        | Found Doyceuhal's Weapon Shoppe.
  2207 | D        | Found Linur's Antique Armour Emporium.
  2211 | D        | Found Yshralo's Jewellery Shoppe.
  2213 | D        | Noticed an orc high priest
  2214 | D        | Noticed a soul eater
  2214 | D        | Noticed a sun demon
  2214 | D        | Noticed an orc high priest
  2244 | D        | Killed an orc high priest
  2249 | D        | Killed an orc high priest
  2256 | D        | Noticed an orc high priest
  2260 | D        | Noticed an orc high priest
  2279 | D        | Gained mutation: You have hidden genetic defects. [a
                  | neqoxec]
  2280 | D        | Gained mutation: You do not regenerate when monsters are
                  | visible. [a neqoxec]
  2287 | D        | Killed an orc high priest
  2288 | D        | Reached XP level 12. HP: 27/128 MP: 11/11
  2306 | D        | Killed an orc high priest
  2307 | D        | Reached skill level 25 in Polearms
  2646 | D        | Bought a pair of glowing gloves for 157 gold pieces
  2646 | D        | Bought a pair of runed gloves for 157 gold pieces
  2646 | D        | Bought the +2 hat of the Bear Spirit {Spirit, Bear, *Rage
                  | Will++} for 732 gold pieces
  2646 | D        | Found the +2 hat of the Bear Spirit {Spirit, Bear, *Rage
                  | Will++}
  2695 | D        | Bought the +8 pair of quick blades "Gyre" and "Gimble"
                  | {protect} for 1105 gold pieces
  2695 | D        | Found the +8 pair of quick blades "Gyre" and "Gimble"
                  | {protect}
  2705 | D        | Bought a scroll labelled EZXIEQ DIBBUR for 29 gold pieces
  2705 | D        | Bought a pair of embroidered boots for 217 gold pieces
  2705 | D        | Bought an amethyst potion for 26 gold pieces
  2705 | D        | Bought a fine glaive for 333 gold pieces
  2705 | D        | Identified the +3 glaive "Xism" {drain, Int+5} (You bought
                  | it in a shop in the Dungeon)
  2705 | D        | Bought a peridot ring for 145 gold pieces
  2705 | D        | Bought a scorched cloak for 275 gold pieces
  2705 | D        | Identified the +2 cloak of the Wumpus {Harm rF+ rN+ Str+2
                  | Int-5} (You bought it in a shop in the Dungeon)
  2705 | D        | Bought a scroll labelled YLIXEI MELEJ for 29 gold pieces
  2820 | D        | Noticed Josephine
  2832 | D        | Killed Josephine
  2846 | D        | Gained mutation: You occasionally shout uncontrollably at
                  | your foes. [hidden defects]
  2894 | D        | Noticed Joseph
  2902 | D        | Killed Joseph
  3073 | D        | Noticed an ogre mage
  3087 | D        | Noticed a stone giant
  3092 | D        | Noticed a frost giant
  3096 | D        | Killed an ogre mage
  3102 | D        | Noticed a stone giant
  3105 | D        | Reached skill level 26 in Polearms
  3105 | D        | Noticed a red very ugly thing
  3114 | D        | Killed a frost giant
  3119 | D        | Killed a stone giant
  3121 | D        | Noticed a rakshasa
  3126 | D        | Killed a stone giant
  3127 | D        | Noticed a deep troll earth mage
  3127 | D        | Gained mutation: You occasionally lose the ability to read
                  | scrolls when taking damage. [hidden defects]
  3127 | D        | Lost mutation: You have hidden genetic defects. [hidden
                  | defects expressed]
  3128 | D        | Killed a red very ugly thing
  3135 | D        | Killed a rakshasa
  3143 | D        | Killed a deep troll earth mage
  3144 | D        | Reached skill level 27 in Polearms
  3149 | D        | Slain by a spriggan berserker

Illustrated notes

Levels and vault maps discovered:
D:        linesprint [early_d, line_temple, items_1, d_10, items_2, lair_1,
          lair_end, items_3, orc_1, orc_end, items_4, d_15, swamp_1, shoals_1,
          snake_1, spider_1, d_20, vaults_1, items_5, swamp_end, shoals_end,
          snake_end, spider_end, vaults_end, d_27, items_6, zot_1, zot_end,
          crypt_end, forest_end, elf_end, slime_end, tomb_end, abyss_end,
          pan_hell_end]

Skill      XL: |  1  2  3  4  5  6  7  8  9 10 11 12 |
---------------+-------------------------------------+-----
Polearms       | 5 8 11 14 15 17 19 21 24 27 | 27.0
Fighting       | 5 6 7 8 10 11 13 14 16 18 20 | 20.2
Armour         | 5 6 7 8 11 13 14 16 18 20 | 20.2
Shields        | |  3.6

Action                     |  1- 3 |  4- 6 |  7- 9 | 10-12 || total
---------------------------+-------+-------+-------+-------++-------
  Melee: Trident           |    30 |    12 |       |       ||    42
         Headbutt          |     3 |    11 |    12 |    74 ||   100
         Halberd           |       |    20 |    52 |   280 ||   352
         Glaive            |       |       |       |    67 ||    67
 Invoke: Call Merchant     |       |       |       |     3 ||     3
    Use: Potion            |       |     1 |       |     9 ||    10
         Scroll            |       |       |       |     2 ||     2
   Stab: Distracted        |       |       |     1 |     2 ||     3
 Armour: Scale mail        |    12 |     5 |       |       ||    17
         Ring mail         |       |     6 |    39 |    38 ||    83
         Plate armour      |       |       |       |   102 ||   102
         Chain mail        |       |       |       |    45 ||    45
         Skin              |       |       |       |     4 ||     4
  Dodge: Dodged            |    11 |    15 |    19 |    99 ||   144
  Block: Buckler           |     6 |     3 |       |       ||     9
